 Dungeon Crawl Stone Soup version 0.29.1 (webtiles) character file.

Game seed: 12299864034088289345

37080 blackman the Brawler (level 13, 0/106 HPs)
             Began as a Troll Warper on Sept 12, 2022.
             Was the Champion of Cheibriados.
             Slain by a yak (8 damage)
             ... on level 4 of the Lair of Beasts.
             The game lasted 00:46:43 (18103 turns).

blackman the Brawler (Troll Warper)                Turns: 18103, Time: 00:46:44

Health: 0/106      AC: 14    Str: 37    XL:     13   Next: 56%
Magic:  9/14       EV: 10    Int: 34    God:    Cheibriados [******]
Gold:   2160       SH:  0    Dex: 24    Spells: 1/14 levels left

rFire   . . .      SeeInvis .     - Unarmed
rCold   . . .      Faith    .   (shield currently unavailable)
rNeg    . . .      Spirit   .   W - +3 troll leather armour {Snorg}
rPois   +          Reflect  .   H - +0 hat
rElec   +          Harm     .   N - +0 cloak
rCorr   .          Rampage  .   (gloves unavailable)
Will    ++...                   (boots unavailable)
Stlth   ++........              Z - amulet of regeneration
HPRegen 2.67/turn               d - +4 ring of protection
MPRegen 0.14/turn               n - ring "Pithedog" {Contam rElec rPois Will++ Int+6}

@: blade hands, very slow
A: large, unfitting armour, claws 3, regeneration 1, shaggy fur 1, tough skin 1
a: End Transformation, Renounce Religion, Bend Time, Temporal Distortion,
Slouch, Step From Time


You were on level 4 of the Lair of Beasts.
You worshipped Cheibriados.
Cheibriados was exalted by your worship.
You had blades for hands.
You visited 4 branches of the dungeon, and saw 18 of its levels.

You collected 2383 gold pieces.
You spent 223 gold pieces at shops.

Inventory:

Hand Weapons
 v - a +0 whip
Missiles
 a - 5 javelins
 c - 6 boomerangs of dispersal (quivered)
 f - 29 poisoned darts
 p - a throwing net
 s - 9 boomerangs
 V - 11 large rocks
Armour
 H - a +0 hat (worn)
 L - +0 steam dragon scales
 N - a +0 cloak (worn)
 W - a +3 troll leather armour (worn) {Snorg}
Jewellery
 d - a +4 ring of protection (left blade hand)
 n - the ring "Pithedog" (right blade hand) {Contam rElec rPois Will++ Int+6}
   (You found it on level 2 of the Dungeon)

   [ring of intelligence]

   Int:       It affects your intelligence (+6).
   rElec:     It insulates you from electricity.
   rPois:     It protects you from poison.
   Contam:    It causes magical contamination when unequipped.
   Will:      It greatly increases your willpower.
 o - an amulet of guardian spirit
 C - a ring of protection from fire
 J - a ring of magical power
 T - a ring of protection from fire
 Z - an amulet of regeneration (around neck)
Wands
 y - a wand of roots (16)
 G - a wand of paralysis (15)
 Q - a wand of polymorph (4)
 X - a wand of flame (29)
 Y - a wand of digging (6)
Scrolls
 b - 4 scrolls of blinking
 e - 2 scrolls of fear
 h - 2 scrolls of brand weapon
 i - 2 scrolls of vulnerability
 k - 14 scrolls of teleportation
 q - a scroll of amnesia
 u - 3 scrolls of immolation
 w - 2 scrolls of silence {unknown}
 x - 3 scrolls of enchant armour {unknown}
 D - 5 scrolls of magic mapping {unknown}
 E - 3 scrolls of noise {unknown}
 F - 9 scrolls of identify
 S - 2 scrolls of butterflies {unknown}
 U - 2 scrolls of enchant weapon {unknown}
Potions
 g - 2 potions of ambrosia
 j - 4 potions of berserk rage
 l - 6 potions of curing
 m - 5 potions of heal wounds
 r - 3 potions of lignification
 t - 5 potions of attraction {unknown}
 z - 4 potions of flight {unknown}
 A - 2 potions of cancellation {unknown}
 B - 3 potions of magic {unknown}
 I - 3 potions of mutation {unknown}
 K - 4 potions of might {unknown}
 M - a potion of invisibility {unknown}
 O - 2 potions of resistance {unknown}
 P - 2 potions of brilliance {unknown}
Miscellaneous
 R - a phantom mirror


   Skills:
 - Level 1.5 Fighting
 - Level 0.8 Throwing
 - Level 1.9 Dodging
 - Level 16.2 Unarmed Combat
 - Level 1.2 Spellcasting
 - Level 8.0 Translocations
 - Level 10.5 Transmutations
 * Level 3.8 Invocations


You had one spell level left.
You knew the following spells:

 Your Spells              Type           Power      Damage    Failure   Level
a - Teleport Other        Tloc           54%        N/A       14%         3
b - Manifold Assault      Tloc           54%        N/A       41%         5
c - Blade Hands           Tmut           32%        N/A       24%         5

Your spell library contained the following spells:

 Spells                   Type           Power      Damage    Failure   Level
 Apportation              Tloc           100%       N/A       10%         1
 Sting                    Tmut/Pois      100%       1d8       14%         1
 Foxfire                  Conj/Fire      8%         2x1d4     41%         1
 Freeze                   Ice            8%         1d3       41%         1
 Magic Dart               Conj           8%         1d3       41%         1
 Necrotise                Necr           8%         1d4       41%         1
 Summon Small Mammal      Summ           8%         N/A       41%         1
 Blink                    Tloc           100%       N/A       11%         2
 Gell's Gravitas          Tloc           54%        N/A       14%         3
 Lesser Beckoning         Tloc           54%        N/A       14%         3
 Ignite Poison            Fire/Tmut/Pois 25%        N/A       34%         3
 Petrify                  Tmut/Erth      37%        N/A       43%         4
 Call Imp                 Summ           2%         N/A       47%         2
 Poisonous Vapours        Pois/Air       4%         N/A       47%         2
 Static Discharge         Conj/Air       2%         3-4/arc   47%         2
 Call Canine Familiar     Summ           2%         N/A       65%         3
 Conjure Flame            Conj/Fire      2%         6-21      65%         3
 Frozen Ramparts          Ice            4%         1d1       65%         3
 Inner Flame              Hex/Fire       2%         N/A       65%         3
 Mephitic Cloud           Conj/Pois/Air  2%         N/A       65%         3
 Summon Guardian Golem    Hex/Summ       2%         N/A       65%         3
 Vampiric Draining        Necr           2%         2d6       65%         3
 Irradiate                Conj/Tmut      18%        3d17      67%         5
 Cause Fear               Hex            1%         N/A       91%         4
 Dispel Undead            Necr           2%         3d7       91%         4
 Flame Wave               Conj/Fire      2%         2d4       91%         4
 Hailstorm                Conj/Ice       2%         3d3       91%         4
 Olgreb's Toxic Radiance  Pois           2%         N/A       91%         4
 Sticky Flame             Conj/Fire      2%         2d3       91%         4
 Dragon Form              Tmut           32%        N/A       93%         7
 Statue Form              Tmut/Erth      24%        N/A       98%         6
 Agony                    Necr           2%         N/A       99%         5
 Fireball                 Conj/Fire      1%         3d3       99%         5
 Lightning Bolt           Conj/Air       1%         1d12      99%         5
 Metabolic Englaciation   Hex/Ice        1%         N/A       99%         5
 Starburst                Conj/Fire      1%         6d3       100%        6
 Orb of Destruction       Conj           1%         9d5       100%        7
 Spellforged Servitor     Conj/Summ      1%         N/A       100%        7
 Borgnjor's Revivificati  Necr           1%         N/A       100%        8
 Ignition                 Fire           1%         3d3       100%        8
 Maxwell's Capacitive Co  Air            1%         ∞         100%        8
 Necromutation            Tmut/Necr      18%        N/A       100%        8
 Death's Door             Necr           1%         N/A       100%        9
 Dragon's Call            Summ           1%         N/A       100%        9


Dungeon Overview and Level Annotations

Branches:
Dungeon (12/15)            Temple (1/1) D:6            Lair (4/5) D:10
  Swamp (0/4) Lair:2       Spider (0/4) Lair:3        Slime (0/5) Lair:4
    Orc (1/2) D:12

Altars:
Ashenzari
Cheibriados
Dithmenos
Elyvilon
Fedhas
Gozag
Hepliaklqana
Kikubaaqudgha
Makhleb
Nemelex Xobeh
Okawaru
Qazlal
Ru
Sif Muna
Trog
Uskayaw
Vehumet
Wu Jian
Xom
Yredelemnul
Zin
The Shining One
Jiyva

Shops:
D:4 !   D:9 ?

Portals:
Trove: D:12 (give 2 scrolls of acquirement)

Annotations:
D:10 2 transporters, xian's ghost, novice DrFE
Temple 4 transporters


Innate Abilities, Weirdness & Mutations

You have blades for hands.
Your spellcasting is less reliable in this form.
You are incapable of wielding weapons or throwing items.
You are too large for most types of armour.
You have claws for hands.
Your natural rate of healing is unusually fast.
You are covered in fur. (AC +1)
You have tough skin. (AC +1)


Message History

You kill the death yak!
Cheibriados thoroughly appreciates the change of pace.
The elephant tramples you.
You hold your ground!
The elephant closely misses you. The yak barely misses you.
Your Invocations skill increases to level 3!
You slash the death yak! You slash the death yak.
The death yak is moderately wounded.
You hit the death yak.
The death yak is moderately wounded.
The yak misses you. The death yak gores you!
The yak gores you but does no damage. The yak gores you.
The elephant tramples you!
You hold your ground!
The elephant closely misses you.
You shred the death yak!!!
The death yak is severely wounded.
The yak barely misses you. The death yak closely misses you.
The yak gores you but does no damage. The elephant tramples you.
* * * LOW HITPOINT WARNING * * *
You hold your ground!
The elephant trunk-slaps you but does no damage.
The yak gores you!
* * * LOW HITPOINT WARNING * * *
You hit the death yak. You slash the death yak!
The death yak is almost dead.
You shred the death yak!!!
You kill the death yak!
Cheibriados appreciates the change of pace.
The yak gores you but does no damage. The yak gores you.
* * * LOW HITPOINT WARNING * * *
The elephant tramples you!
* * * LOW HITPOINT WARNING * * *
You hold your ground!
The elephant trunk-slaps you but does no damage.
The yak gores you but does no damage.
You slash the elephant!
The elephant is lightly wounded.
The yak gores you but does no damage. The yak gores you!
* * * LOW HITPOINT WARNING * * *
The yak gores you!
You die...

#.#.....##.........##..
##......#.##........##..
.......b.#####.....####.
..##.....# #...###.# #.
. ##....##.....# .. #.
#.....#..# . #..
##......####.. ....
##.†..##.#..#. ....
###@Y.........## ..
##.YYY.........P#
###..............#
##................#
##.!...............#
.#......<...........#
..........!.........#
...................##
.##.#.........F...##


You could see an elephant and 3 yaks.

Vanquished Creatures
  Snorg (D:12)
  A hydra (Lair:3)
  Harold (D:9)
  6 two-headed ogres
  6 death yaks
  Amaemon (Lair:2)
  An orc sorcerer (Orc:1)
  3 cyclopes
  2 manticores
  3 elephants (Lair:4)
  A torpor snail (D:10)
  3 black mambas
  8 cane toads
  An orange demon (Lair:2)
  Maggie (D:9)
  A rime drake (Lair:1)
  7 komodo dragons
  3 trolls
  3 polar bears
  3 slime creatures (D:12)
  16 blink frogs
  A jumping spider (Lair:3)
  42 yaks
  2 basilisks (Lair:3)
  4 wyverns
  A wraith (D:10)
  3 vampire mosquitoes (D:10)
  2 redbacks (Lair:3)
  3 acid dragons
  8 water moccasins
  Duvessa (D:5)
  A sky beast (D:8)
  2 ice beasts
  2 black bears (D:8)
  An orc warrior (D:9)
  2 centaurs
  A kobold brigand (D:8)
  12 bullfrogs
  A gnoll sergeant (D:8)
  4 necrophages
  A scorpion (D:5)
  5 wights (D:8)
  Dowan (D:5)
  5 killer bees (D:8)
  An electric eel (Lair:4)
  4 howler monkeys
  A crimson imp (D:8)
  2 gnoll boudas
  3 orc priests
  4 hounds (D:5)
  4 iguanas
  7 orc wizards
  2 hell rats (Lair:2)
  15 gnolls
  8 adders
  6 river rats (Lair:2)
  A white imp (D:6)
  3 ufetubi
  A dart slug (D:5)
  23 orcs
  A bat (D:3)
  6 endoplasms
  2 giant cockroaches
  8 goblins
  10 hobgoblins
  3 jackals (D:2)
  10 kobolds
  6 quokkas
  5 ball pythons
  A frilled lizard (D:3)
  5 rats
319 creatures vanquished.

Vanquished Creatures (collateral kills)
  A hydra (Lair:2)
  Joseph (D:8)
2 creatures vanquished.

Vanquished Creatures (others)
  12 fungi
  28 plants
40 creatures vanquished.

Grand Total: 361 creatures vanquished

Notes
Turn   | Place    | Note
-------+----------+-------------------------------------------
     0 | D:1      | blackman the Troll Warper began the quest for the Orb.
     0 | D:1      | Reached XP level 1. HP: 19/19 MP: 1/1
   196 | D:1      | Reached XP level 2. HP: 24/27 MP: 2/2
   295 | D:1      | Reached skill level 3 in Unarmed Combat
   637 | D:1      | Found a faded altar of an unknown god.
   701 | D:2      | Reached XP level 3. HP: 33/33 MP: 3/3
   776 | D:2      | Found a shimmering altar of Xom.
   777 | D:2      | Identified the ring "Pithedog" {Contam rElec rPois Will++
                  | Int+6}
   827 | D:2      | Reached skill level 4 in Unarmed Combat
  1358 | D:3      | Reached XP level 4. HP: 41/41 MP: 4/4
  1460 | D:3      | Reached skill level 5 in Unarmed Combat
  1689 | D:3      | Reached XP level 5. HP: 48/48 MP: 5/5
  2032 | D:4      | Found Roisitwo's Distillery.
  2157 | D:4      | Bought a potion of heal wounds for 55 gold pieces
  2551 | D:5      | Entered Level 5 of the Dungeon
  2586 | D:5      | Reached skill level 6 in Unarmed Combat
  2619 | D:5      | Noticed a centaur
  2626 | D:5      | Reached XP level 6. HP: 53/55 MP: 6/6
  2639 | D:5      | Noticed Dowan
  2641 | D:5      | Noticed Duvessa
  2643 | D:5      | Reached skill level 7 in Unarmed Combat
  2650 | D:5      | Killed Duvessa
  2651 | D:5      | Killed Dowan
  2652 | D:5      | Reached XP level 7. HP: 28/62 MP: 2/7
  2718 | D:5      | Reached skill level 8 in Unarmed Combat
  2733 | D:5      | Found a snail-covered altar of Cheibriados.
  2747 | D:5      | Became a worshipper of Cheibriados the Contemplative
  3684 | D:5      | Identified a scroll of acquirement
  3685 | D:5      | Acquired 1076 gold pieces
  3755 | D:6      | Reached skill level 9 in Unarmed Combat
  3806 | D:6      | Found a staircase to the Ecumenical Temple.
  3896 | Temple   | Entered the Ecumenical Temple
  3896 | Temple   | Found a transporter.
  3896 | Temple   | Found a transporter.
  3898 | Temple   | Found a transporter.
  3898 | Temple   | Found a transporter.
  3991 | D:6      | Found a broken altar of Ashenzari.
  3995 | D:6      | Found a basalt altar of Yredelemnul.
  4183 | D:6      | Reached XP level 8. HP: 70/70 MP: 8/8
  4643 | D:7      | Reached skill level 10 in Unarmed Combat
  4675 | D:7      | Reached * piety under Cheibriados
  5008 | D:7      | Reached skill level 11 in Unarmed Combat
  5235 | D:7      | Learned a level 3 spell: Teleport Other
  5372 | D:8      | Noticed a two-headed ogre
  5381 | D:8      | Killed a two-headed ogre
  5382 | D:8      | Reached skill level 12 in Unarmed Combat
  5382 | D:8      | Reached XP level 9. HP: 53/76 MP: 5/9
  5420 | D:8      | Found a radiant altar of Vehumet.
  5423 | D:8      | Found a burning altar of Makhleb.
  5575 | D:8      | Reached skill level 13 in Unarmed Combat
  5579 | D:8      | Reached ** piety under Cheibriados
  5662 | D:8      | Reached skill level 14 in Unarmed Combat
  5718 | D:8      | Reached XP level 10. HP: 26/85 MP: 3/10
  6558 | D:8      | Noticed a two-headed ogre
  6567 | D:8      | Noticed Joseph
  6570 | D:8      | Killed a two-headed ogre
  6571 | D:8      | Reached skill level 15 in Unarmed Combat
  6578 | D:8      | Killed Joseph
  7101 | D:9      | Noticed Harold
  7113 | D:9      | Killed Harold
  7870 | D:9      | Noticed Maggie
  7929 | D:9      | Found Hasedixt's Magic Scroll Boutique.
  7940 | D:9      | Bought a scroll of identify for 28 gold pieces
  7940 | D:9      | Bought a scroll of identify for 28 gold pieces
  7940 | D:9      | Bought a scroll of fear for 56 gold pieces
  7940 | D:9      | Bought a scroll of identify for 28 gold pieces
  7940 | D:9      | Bought a scroll of identify for 28 gold pieces
  8114 | D:9      | Reached *** piety under Cheibriados
  8198 | D:9      | Reached skill level 16 in Unarmed Combat
  8203 | D:9      | Killed Maggie
  8362 | D:9      | Noticed a two-headed ogre
  8384 | D:9      | Killed a two-headed ogre
  8883 | D:10     | Entered Level 10 of the Dungeon
  9097 | D:10     | Reached XP level 11. HP: 92/92 MP: 11/11
  9207 | D:10     | Found a staircase to the Lair.
  9321 | D:10     | Reached skill level 5 in Translocations
  9340 | D:10     | Reached **** piety under Cheibriados
  9346 | D:10     | Found a transporter.
  9388 | D:10     | Found a transporter.
  9390 | D:10     | Noticed xian's ghost (novice DrFE)
  9392 | D:10     | Found a bloodstained altar of Trog.
  9392 | D:10     | Noticed a tengu warrior
  9393 | D:10     | Noticed a two-headed ogre
  9418 | D:10     | Noticed a two-headed ogre
  9423 | D:10     | Killed a two-headed ogre
  9592 | D:10     | Learned a level 5 spell: Manifold Assault
 10666 | D:11     | Noticed a two-headed ogre
 10673 | D:11     | Killed a two-headed ogre
 10674 | D:11     | Found an iron altar of Okawaru.
 11070 | D:12     | Reached skill level 1 in Transmutations
 11147 | D:12     | Noticed a five-headed hydra
 11151 | D:12     | Found a portal to a secret trove of treasure.
 11156 | D:12     | Noticed Snorg
 11162 | D:12     | Killed Snorg
 11255 | D:12     | Noticed a two-headed ogre
 11260 | D:12     | Killed a two-headed ogre
 11261 | D:12     | Reached XP level 12. HP: 28/100 MP: 3/12
 11646 | D:12     | Reached ***** piety under Cheibriados
 12200 | D:12     | Found a staircase to the Orcish Mines.
 12205 | Orc:1    | Entered Level 1 of the Orcish Mines
 12350 | Lair:1   | Entered Level 1 of the Lair of Beasts
 12394 | Lair:1   | Reached skill level 5 in Transmutations
 13382 | Lair:1   | Learned a level 5 spell: Blade Hands
 15112 | Lair:2   | Found a staircase to the Swamp.
 15184 | Lair:2   | Noticed a six-headed hydra
 15188 | Lair:2   | Killed a six-headed hydra
 15355 | Lair:2   | Noticed Amaemon
 15366 | Lair:2   | Killed Amaemon
 15558 | Lair:3   | Noticed an eight-headed hydra
 15593 | Lair:3   | Killed a nine-headed hydra
 15684 | Lair:3   | Reached XP level 13. HP: 46/106 MP: 2/13
 16385 | Lair:3   | Found a hole to the Spider Nest.
 16868 | Lair:4   | Reached skill level 10 in Transmutations
 16956 | Lair:4   | Reached ****** piety under Cheibriados
 18034 | Lair:4   | Found a viscous altar of Jiyva.
 18035 | Lair:4   | Found a staircase to the Slime Pits.
 18089 | Lair:4   | Reached skill level 1 in Invocations
 18103 | Lair:4   | Slain by a yak

Illustrated notes

Levels and vault maps discovered:
D:1:      mrwooster_arrival_statue_3, layout_loops_cross,
          shapermc_ecumenical_altar_mp_urbaneastern
D:2:      layout_loops_ring, basic_altar, grunt_ministairs_1
D:3:      layout_loops_cross
D:4:      layout_cave_pools, serial_shops, shop
D:5:      layout_layer_cave, cheibriados_altar_1, uniq_duvessa
D:6:      layout_basic, grunt_temple_overflow_open, minmay_temple_entry_tees
D:7:      layout_cave_pods
D:8:      layout_cave_pods, grunt_temple_overflow_lords_of_destruction,
          uniq_joseph
D:9:      layout_stronghold, serial_shops, shop, uniq_maggie, uniq_harold
D:10:     layout_stronghold, lair_entry_dummy, gammafunk_ghost_wrathful_warriors
D:11:     layout_irregular_city, nicolae_sextant, okawaru_metal_pillars_1_2
D:12:     layout_loops_cross, orc_0_dummy, nicolae_trove_entry_crossroad,
          uniq_snorg
Temple:   hellmonk_temple_divided_pantheon
Lair:1:   layout_cave_pods, st_stairs_3, grunt_megastairs_2
Lair:2:   layout_regular_city, swamp_mist, kennysheep_rathole,
          grunt_megastairs_3, infiniplex_staircase_pool, uniq_amaemon
Lair:3:   layout_gridlike, spider_nest_entry_funnel_web, lemuel_fruit_tree
Lair:4:   layout_cave_pods, dpeg_slime_entry_enclosed, beast_lair_carwin_1,
          grunt_megastairs_5, serial_bayou_shore_a, lemuel_fruit_fields
Orc:1:    lemuel_ogre_cave, layout_caves

Skill      XL: |  1  2  3  4  5  6  7  8  9 10 11 12 13 |
---------------+----------------------------------------+-----
Unarmed Combat | 3 4 5 6 7 9 12 14 16 | 16.2
Translocations | 3 8 |  8.0
Transmutations | 3 9 10 | 10.5
Invocations    | 3 |  3.8
Fighting       | |  1.5
Throwing       | |  0.8
Dodging        | |  1.9
Spellcasting   | |  1.2

Action                   |  1- 3 |  4- 6 |  7- 9 | 10-12 | 13-15 || total
-------------------------+-------+-------+-------+-------+-------++-------
Melee: Unarmed           |   120 |   134 |   182 |   377 |    96 ||   909
       Punch             |     1 |     1 |    10 |    45 |    16 ||    73
Throw: Boomerang         |       |     1 |       |     2 |       ||     3
       Dart              |       |       |       |     8 |       ||     8
       Large rock        |       |       |       |    15 |       ||    15
       Javelin           |       |       |       |       |     1 ||     1
 Cast: Teleport Other    |       |       |       |     3 |       ||     3
       Manifold Assault  |       |       |       |     8 |     4 ||    12
       Blade Hands       |       |       |       |     3 |    15 ||    18
Evoke: Wand              |       |       |     9 |    24 |       ||    33
       Phantom mirror    |       |       |       |     1 |       ||     1
  Use: Scroll            |       |       |     9 |     8 |     2 ||    19
       Potion            |       |       |       |     1 |       ||     1
 Stab: Sleeping          |     1 |       |     1 |     3 |       ||     5
       Paralysed         |       |       |       |     3 |       ||     3
Armor: Robe              |    46 |    80 |    68 |    19 |       ||   213
       Steam dragon scal |       |       |       |    17 |       ||    17
       Troll leather arm |       |       |       |   144 |    71 ||   215
Dodge: Dodged            |    44 |    64 |    84 |   203 |    48 ||   443
